 Dungeon Crawl Stone Soup version 0.27.0-1-g7a089689b8 (webtiles) character file.

Game seed: 8620595218030804773

11898 SnakkuSnakku7 the Phalangite (level 11, -6/112 HPs)
             Began as a Merfolk Necromancer on Aug 7, 2021.
             Was a Follower of Trog.
             Mangled by a four-headed hydra (11 damage)
             ... on level 11 of the Dungeon.
             The game lasted 00:19:28 (15351 turns).

SnakkuSnakku7 the Phalangite (Merfolk Necromancer) Turns: 15351, Time: 00:19:29

Health: -6/112     AC:  8    Str: 12    XL:     11   Next: 84%
Magic:  14/14      EV: 13    Int: 14    God:    Trog [*.....]
Gold:   331        SH:  5    Dex: 21    Spells: 13/14 levels left

rFire    . . .     SeeInvis .   b - +0 spear
rCold    . . .     Faith    .   (no shield)
rNeg     + . .     Spirit   .   y - +0 troll leather armour
rPois    .         Reflect  +   x - +2 hat
rElec    .         Harm     .   (no cloak)
rCorr    .         Rampage  .   j - +1 pair of gloves
Will     .....                  (no boots)
Stlth    ..........             t - amulet of reflection
HPRegen  1.28/turn              H - +6 ring of dexterity
MPRegen  0.14/turn              g - ring of positive energy

@: berserking, very quick
A: (nimble swimmer 2), mertail
a: Renounce Religion, Berserk


You were on level 11 of the Dungeon.
You worshipped Trog.
Trog was aware of your devotion.
You visited 2 branches of the dungeon, and saw 12 of its levels.

You collected 615 gold pieces.
You spent 284 gold pieces at shops.

Inventory:

Hand Weapons
 a - a +5 vorpal scythe
 b - a +0 spear (weapon)
Missiles
 F - 40 poisoned darts (quivered)
Armour
 j - a +1 pair of gloves (worn)
 p - a +2 robe of resistance
 x - a +2 hat (worn)
 y - a +0 troll leather armour (worn)
Jewellery
 g - a ring of positive energy (right hand)
 t - an amulet of reflection (around neck)
 H - a +6 ring of dexterity (left hand)
Wands
 f - a wand of iceblast (15)
 u - a wand of polymorph (9)
 z - a wand of flame (38)
 L - a wand of digging (6)
Scrolls
 c - 4 scrolls of noise {unknown}
 d - a scroll of brand weapon
 e - a scroll of fear {unknown}
 l - a scroll of enchant armour
 n - 12 scrolls of identify {unknown}
 q - a scroll of enchant weapon
 s - 2 scrolls of magic mapping
 B - 4 scrolls of teleportation {unknown}
 D - a scroll of immolation {unknown}
 E - 2 scrolls of torment {unknown}
 G - a scroll of acquirement {unknown}
 I - 2 scrolls of fog {unknown}
Potions
 h - a potion of heal wounds
 i - 5 potions of curing
 k - 3 potions of haste
 m - a potion of magic {unknown}
 o - 4 potions of flight {unknown}
 r - 2 potions of brilliance {unknown}
 v - a potion of mutation {unknown}
 w - a potion of invisibility {unknown}
 C - a potion of might
 J - a potion of attraction {unknown}
 K - a potion of resistance {unknown}
 M - a potion of berserk rage {unknown}


   Skills:
 - Level 3.4 Fighting
 + Level 22.5 Polearms
 - Level 2.6 Dodging
 - Level 2.1 Stealth
 - Level 2.0 Spellcasting
 - Level 3.2 Necromancy


You had 13 spell levels left.
You knew the following spells:

 Your Spells              Type           Power      Damage    Failure   Level
a - Pain                  Necr           40%        1d6       8%          1

Your spell library contained the following spells:

 Spells                   Type           Power      Damage    Failure   Level
 Animate Skeleton         Necr           20%        N/A       8%          1
 Vampiric Draining        Necr           5%         2d6       24%         3
 Freeze                   Ice            4%         1d3       30%         1
 Ensorcelled Hibernation  Hex/Ice        2%         N/A       41%         2
 Animate Dead             Necr           5%         N/A       61%         4
 Frozen Ramparts          Ice            2%         1d2       65%         3
 Spider Form              Tmut/Pois      0%         N/A       65%         3
 Agony                    Necr           10%        N/A       91%         5
 Hailstorm                Conj/Ice       1%         3d3       96%         4
 Borgnjor's Vile Clutch   Necr/Erth      2%         N/A       99%         5
 Death Channel            Necr           5%         N/A       100%        6
 Shadow Creatures         Summ           N/A        N/A       100%        6


Dungeon Overview and Level Annotations

Branches:
Dungeon (11/15)            Temple (1/1) D:4            Lair (0/6) D:9
    Orc (0/2) D:9

Altars:
Ashenzari
Cheibriados
Dithmenos
Elyvilon
Fedhas
Gozag
Hepliaklqana
Kikubaaqudgha
Makhleb
Nemelex Xobeh
Okawaru
Qazlal
Ru
Sif Muna
Trog
Uskayaw
Vehumet
Wu Jian
Xom
Yredelemnul
Zin
The Shining One
Lugonu

Shops:
D:2 (   D:3 *

Annotations:
D:8 1 exclusion


Innate Abilities, Weirdness & Mutations

((You are quick and stealthy near water. (Stealth+, EV+, Speed+++)))
Your lower body shifts to a powerful aquatic tail in water.


Message History

* * * LOW HITPOINT WARNING * * *
The eight-headed hydra bites you but does no damage. x4
The eight-headed hydra bites you.
* * * LOW HITPOINT WARNING * * *
The eight-headed hydra bites you but does no damage.
You block the eight-headed hydra's attack.
You puncture the eight-headed hydra!
The eight-headed hydra is almost dead.
Unknown command.
You puncture the eight-headed hydra!
You kill the eight-headed hydra!
Trog accepts your kill.
Unknown command.
You barely miss the four-headed hydra.
Unknown command.
You puncture the four-headed hydra!
The four-headed hydra is moderately wounded.
You barely miss the four-headed hydra.
The four-headed hydra is moderately wounded.
The four-headed hydra misses you. The four-headed hydra bites you.
* * * LOW HITPOINT WARNING * * *
The four-headed hydra closely misses you.
The four-headed hydra bites you.
* * * LOW HITPOINT WARNING * * *
You puncture the four-headed hydra!
The four-headed hydra is moderately wounded.
Unknown command.
You hit the four-headed hydra.
The four-headed hydra is moderately wounded.
Unknown command.
You puncture the four-headed hydra!
The four-headed hydra is heavily wounded.
The four-headed hydra bites you.
* * * LOW HITPOINT WARNING * * *
The four-headed hydra bites you.
* * * LOW HITPOINT WARNING * * *
The four-headed hydra bites you!
* * * LOW HITPOINT WARNING * * *
The four-headed hydra bites you!
You die...

.###.....#.........+....#......#.
.# #.....#.........#....#......#.
.# #.....########'##....##'#####.
.###.............................
......###...##..##...............
...<..# #...##..##...............
......# #.......##.........####..
....).###.......##..###....# #..
.....[[.........@D........... ...
#################################


You could see a four-headed hydra.

Vanquished Creatures
  A hydra (D:11)
  3 two-headed ogres
  Pikel (D:4)
  A manticore (D:6)
  7 trolls
  Prince Ribbit (D:5)
  2 hornets
  8 yaks
  A wyvern (D:11)
  2 steam dragons (D:7)
  Edmund (D:5)
  A warg (D:9)
  An acid dragon (D:10)
  Duvessa (D:5)
  5 water moccasins
  An orc warrior (D:9)
  2 sky beasts (D:7)
  3 ogres (D:6)
  4 black bears
  An ice beast (D:5)
  A necrophage (D:5)
  2 lemures
  4 centaurs
  2 kobold brigands
  A gnoll sergeant (D:8)
  6 bullfrogs
  A wyvern zombie (D:9)
  3 scorpions
  Dowan (D:5)
  A water moccasin zombie (D:6)
  A wyvern skeleton (D:7)
  A water moccasin skeleton (D:6)
  6 killer bees (D:9)
  A howler monkey (D:9)
  3 centaur zombies
  4 orc priests
  3 hounds
  A gnoll shaman (D:8)
  Natasha (thrice) (D:3)
  2 iguanas (D:5)
  8 orc wizards
  2 howler monkey zombies
  11 gnolls
  4 adders
  2 howler monkey skeletons
  2 shadow imps (D:6)
  An ufetubus (D:4)
  An adder skeleton (D:4)
  2 worms (D:8)
  4 dart slugs
  16 orcs
  5 bats (D:1)
  8 endoplasms
  4 giant cockroaches
  10 goblins
  6 hobgoblins
  9 jackals
  4 quokkas
  5 ball pythons
  2 frilled lizards
  15 kobolds
  10 rats
225 creatures vanquished.

Vanquished Creatures (others)
  5 fungi (D:9)
  5 plants
10 creatures vanquished.

Grand Total: 235 creatures vanquished

Notes
Turn   | Place    | Note
-------+----------+-------------------------------------------
     0 | D:1      | SnakkuSnakku7 the Merfolk Necromancer began the quest for
                  | the Orb.
     0 | D:1      | Reached XP level 1. HP: 13/13 MP: 3/3
    69 | D:1      | Reached skill level 1 in Fighting
   251 | D:1      | Reached XP level 2. HP: 20/22 MP: 5/5
   656 | D:1      | HP: 1/23 [kobold (2)]
   933 | D:1      | Reached XP level 3. HP: 21/28 MP: 6/6
  1282 | D:1      | Found a faded altar of an unknown god.
  1685 | D:2      | Found Inek's Antique Weapon Shop.
  1729 | D:2      | Reached skill level 1 in Polearms
  2016 | D:2      | Reached XP level 4. HP: 27/35 MP: 7/7
  2084 | D:2      | Found a shimmering altar of Xom.
  2105 | D:2      | Reached skill level 2 in Polearms
  2299 | D:3      | Reached skill level 3 in Polearms
  2728 | D:3      | Found a snail-covered altar of Cheibriados.
  2772 | D:3      | Reached skill level 4 in Polearms
  2908 | D:3      | Reached XP level 5. HP: 20/41 MP: 6/8
  3235 | D:3      | Noticed Natasha
  3241 | D:3      | Killed Natasha
  3242 | D:3      | Reached skill level 5 in Polearms
  3300 | D:3      | Found Zapt's Assorted Antiques.
  3317 | D:3      | Noticed Natasha
  3330 | D:3      | Killed Natasha
  3846 | D:3      | Noticed Natasha
  3852 | D:3      | Killed Natasha
  3853 | D:3      | Reached skill level 6 in Polearms
  4234 | D:4      | Found a burning altar of Makhleb.
  4253 | D:4      | Reached XP level 6. HP: 31/47 MP: 9/9
  4601 | D:4      | Found a staircase to the Ecumenical Temple.
  4630 | D:4      | Noticed Pikel
  4648 | Temple   | Entered the Ecumenical Temple
  5157 | D:3      | HP: 1/47 [lemure[Pikel] (6)]
  5587 | D:4      | Killed Pikel
  5588 | D:4      | Reached skill level 10 in Polearms
  5588 | D:4      | Reached XP level 7. HP: 27/52 MP: 10/10
  5845 | D:5      | Entered Level 5 of the Dungeon
  6089 | D:5      | Noticed Edmund
  6100 | D:5      | Killed Edmund
  6101 | D:5      | Reached skill level 11 in Polearms
  6101 | D:5      | Reached XP level 8. HP: 41/58 MP: 11/11
  6106 | D:5      | Found a hazy altar of Hepliaklqana.
  6110 | D:5      | Found a shimmering blue altar of Sif Muna.
  6112 | D:5      | Found a stormy altar of Qazlal.
  6400 | D:5      | Noticed Duvessa
  6400 | D:5      | Noticed Dowan
  6433 | D:5      | Killed Duvessa
  6743 | D:5      | Reached skill level 12 in Polearms
  6979 | D:5      | Noticed Prince Ribbit
  7333 | D:5      | Reached skill level 13 in Polearms
  7404 | D:4      | HP: 2/58 [gnoll (7)]
  7612 | D:4      | Found a blossoming altar of Fedhas.
  8044 | D:2      | Bought a glowing scythe for 132 gold pieces
  8133 | D:5      | Killed Dowan
  8311 | D:5      | Killed Prince Ribbit
  8312 | D:5      | Reached skill level 14 in Polearms
  8312 | D:5      | Reached XP level 9. HP: 45/64 MP: 12/12
  8902 | D:6      | Noticed a manticore
  8940 | D:6      | Reached skill level 15 in Polearms
  9498 | D:6      | Reached skill level 16 in Polearms
  9702 | D:6      | Killed a manticore
  9911 | D:6      | Found an ornate altar of the Wu Jian Council.
 10092 | D:7      | Reached skill level 17 in Polearms
 10096 | D:7      | Reached XP level 10. HP: 34/70 MP: 13/13
 10564 | D:7      | Reached skill level 18 in Polearms
 10961 | D:7      | Found a sparkling altar of Nemelex Xobeh.
 11276 | D:7      | Found a sacrificial altar of Ru.
 11347 | D:8      | Found a shadowy altar of Dithmenos.
 11494 | D:8      | Reached skill level 19 in Polearms
 11528 | D:8      | Paralysed by a hornet for 1 turns
 11575 | D:8      | Found a broken altar of Ashenzari.
 11903 | D:3      | Bought a scroll labelled FIEXAS HINOCK for 19 gold pieces
 11903 | D:3      | Bought a scroll labelled GEKYET NULOGG for 19 gold pieces
 11903 | D:3      | Bought a scroll labelled YPSENG URPHOICH for 19 gold pieces
 11903 | D:3      | Bought an iron ring for 95 gold pieces
 12106 | D:8      | Noticed a moth of wrath
 12110 | D:8      | Found a bloodstained altar of Trog.
 12132 | D:8      | Became a worshipper of Trog the Wrathful
 12682 | D:9      | Found a staircase to the Orcish Mines.
 12685 | D:9      | Noticed a two-headed ogre
 12808 | D:9      | Reached skill level 20 in Polearms
 12884 | D:9      | Reached XP level 11. HP: 22/75 MP: 14/14
 13254 | D:9      | Killed a two-headed ogre
 13445 | D:9      | Found a hide-covered altar of Uskayaw.
 13663 | D:9      | Found a glowing silver altar of Zin.
 13840 | D:9      | Found a staircase to the Lair.
 13940 | D:10     | Entered Level 10 of the Dungeon
 14058 | D:10     | Reached skill level 21 in Polearms
 14129 | D:10     | Reached * piety under Trog
 14200 | D:10     | Found an opulent altar of Gozag.
 14205 | D:10     | Found a basalt altar of Yredelemnul.
 14287 | D:10     | Noticed a two-headed ogre
 14294 | D:10     | Killed a two-headed ogre
 14720 | D:11     | Noticed a four-headed hydra
 14808 | D:11     | Noticed a two-headed ogre
 14820 | D:11     | HP: 2/75 [two-headed ogre (27)]
 14849 | D:11     | Killed a two-headed ogre
 14850 | D:11     | Reached skill level 22 in Polearms
 15179 | D:11     | Noticed an eight-headed hydra
 15345 | D:11     | Killed an eight-headed hydra
 15351 | D:11     | HP: 5/112 [four-headed hydra (9)]
 15351 | D:11     | Mangled by a four-headed hydra

Illustrated notes

Levels and vault maps discovered:
D:1:      wander_arrival_chamber, layout_basic,
          shapermc_ecumenical_altar_mp_ritualfount
D:2:      layout_basic, serial_shops, nicolae_shop_statue_plus, basic_altar,
          st_stairs_6, kennysheep_generic_room_4
D:3:      layout_basic, cheibriados_altar_1, serial_shops, nicolae_square_shop,
          uniq_natasha
D:4:      minmay_chambers_of_fours, layout_gridville, makhleb_heckhound_becter,
          fedhas_altar_1, minmay_temple_entry_butterflies, uniq_pikel
D:5:      layout_basic, grunt_temple_overflow_diamond, serial_bayou_lake_a,
          uniq_duvessa, uniq_prince_ribbit1, uniq_edmund
D:6:      layout_loops_cross, nzn_wu_jian_contemplation
D:7:      layout_loops_ring, nicolae_ru_path_of_blood, kennysheep_little_box
D:8:      layout_cave_pools, tgw_trog, grunt_dithmenos_smoke,
          ashenzari_conservatory_becter
D:9:      layout_cave_pools, lemuel_coloured_pillars_altar,
          nicolae_uskayaw_murder_on_the_dancefloor,
          grunt_lair_entry_orc_guard_hut, david_orc_3, grunt_ministairs_6,
          minmay_misc_feat_square
D:10:     layout_basic, mainiacjoe_overflow_big_doors
D:11:     layout_stronghold
Temple:   corrupted_temple

Skill      XL: |  1  2  3  4  5  6  7  8  9 10 11 |
---------------+----------------------------------+-----
Fighting       | 1 2 3 |  3.4
Polearms       | 1 4 6 10 11 14 17 20 22 | 22.5
Dodging        | |  2.6
Stealth        | |  2.1
Spellcasting   | |  2.0
Necromancy     | |  3.2

Action                   |  1- 3 |  4- 6 |  7- 9 | 10-12 || total
-------------------------+-------+-------+-------+-------++-------
Melee: Unarmed           |     7 |       |       |       ||     7
       Mace              |   115 |   181 |       |       ||   296
       Tailslap          |       |     4 |     4 |       ||     8
       Whip              |       |       |    22 |       ||    22
       Dire flail        |       |       |   102 |       ||   102
       Scythe            |       |       |   105 |   301 ||   406
       Spear             |       |       |       |    15 ||    15
Throw: Throwing net      |       |       |     1 |       ||     1
       Dart              |       |       |       |    38 ||    38
 Cast: Pain              |    10 |    22 |       |       ||    32
Invok: Berserk           |       |       |       |     1 ||     1
Evoke: Wand              |       |     5 |     2 |       ||     7
  Use: Potion            |       |       |     7 |     1 ||     8
       Scroll            |       |       |     5 |       ||     5
 Stab: Sleeping          |     7 |     2 |     4 |     3 ||    16
       Distracted        |       |       |     2 |       ||     2
       Held in net/web   |       |       |     1 |       ||     1
Armor: Robe              |    37 |    55 |    63 |    58 ||   213
       Ring mail         |       |       |     7 |       ||     7
       Troll leather arm |       |       |       |    34 ||    34
Dodge: Dodged            |    94 |   180 |   191 |   183 ||   648
Block: Other             |       |       |       |    50 ||    50
